Cogmind - Beta 16 @@@ ROGUE MODE // 2025.12.21 @ 00:50:26 Player: Xellophane Result: Self-destructed Performance ------------- Evolutions (1) 500 Regions Visited (2) 400 Robots Destroyed (86) 430 Value Destroyed (1682) 1682 Prototype IDs (5) 100 Alien Tech Used (0) 0 Bonus (0) 0 TOTAL SCORE: 3112 Bonus ------- None Cogmind --------- Core Integrity 14/400 Matter 280/300 Energy 222/240 System Corruption 1% Temperature Cool (0) Movement Flying (247) Ox3 Location -9/Materials Parts ------- > --- POWER (1) -------- Nuclear Core > --- PROPULSION (2) --- Improved Flight Unit Improved Flight Unit > --- UTILITY (4) ------ Large Storage Unit Transport Network Coupler System Shield System Shield > --- WEAPON (2) ------- Heavy Assault Rifle Improved Assault Rifle > --- INVENTORY (15) --- Ion Engine Faulty Heavy Ion Engine Aluminum Leg Aluminum Leg ECM Suite Hacking Suite Hacking Suite Hacking Suite System Shield System Shield Improved EM Shotgun Heavy Assault Rifle Improved Assault Rifle Concussive RPG (1) Concussive RPG (1) Peak State ------------ > --- POWER ------------ Nuclear Core > --- PROPULSION ------- Improved Flight Unit Improved Flight Unit > --- UTILITY ---------- Large Storage Unit Transport Network Coupler System Shield System Shield > --- WEAPON ----------- Heavy Assault Rifle Improved Assault Rifle > --- INVENTORY -------- Ion Engine Heavy Ion Engine Aluminum Leg Aluminum Leg ECM Suite Hacking Suite Hacking Suite Hacking Suite System Shield System Shield Improved EM Shotgun Heavy Assault Rifle Improved Assault Rifle Concussive RPG Concussive RPG [Rating: 25] Favorites ----------- Power Nuclear Core Engine Light Ion Engine Power Core Nuclear Core Propulsion Aluminum Leg Treads Light Treads Leg Aluminum Leg Hover Unit Hover Unit Flight Unit Flight Unit Utility Large Storage Unit Device ECM Suite Storage Large Storage Unit Processor Targeting Computer Hackware System Shield Weapon Heavy Assault Rifle Energy Gun Beam Rifle Ballistic Gun Heavy Assault Rifle Launcher Grenade Launcher Special Melee Weapon Datajack Build | -11 -10 -9 ------- Run | Yrd Mat Mat Slots Evolved 2 | . . 2 Power . | . . . Propulsion . | . . . Utility 2 | . . 2 Weapon . | . . . Parts Attached 53 | 6 12 35 Power 8 | 1 2 5 Engine 6 | 1 2 3 Core 2 | . . 2 Reactor . | . . . Propulsion 23 | 2 5 16 Treads 2 | 2 . . Leg 6 | . . 6 Wheel . | . . . Hover 4 | . 2 2 Flight 11 | . 3 8 Utility 11 | 2 2 7 Device 4 | . . 4 Storage 3 | 2 1 . Processor 2 | . 1 1 Hackware 2 | . . 2 Protection . | . . . Artifact . | . . . Weapon 11 | 1 3 7 Energy Gun 2 | . 1 1 Energy Cannon . | . . . Ballistic Gun 6 | 1 . 5 Ballistic Cannon . | . . . Launcher 2 | . 2 . Special Weapon . | . . . Impact Weapon . | . . . Slashing Weapon . | . . . Piercing Weapon . | . . . Special Melee Weapon 1 | . . 1 Unidentified Prototypes 1 | . . 1 Parts Lost 28 | . 3 25 Power 5 | . 1 4 Propulsion 13 | . 1 12 Utility 3 | . . 3 Weapon 7 | . 1 6 Highest Loss Streak 6 | . 1 6 To Critical Strikes 1 | . . 1 Average Backups 11 | 2 11 12 Power 1 | . 2 1 Propulsion 2 | 1 1 3 Utility 3 | . 3 4 Weapon 2 | . 3 1 Tool/Special . | . . . Unused Backups 27 | . 6 21 Power 3 | . 1 2 Propulsion 8 | . 1 7 Utility 8 | . 3 5 Weapon 6 | . 1 5 Tool/Special 2 | . . 2 Average Slot Usage (%) 92 | . 91 92 Engine 6 | . 13 2 Core 4 | . . 7 Treads 5 | . 13 . Leg 7 | . . 12 Hover 3 | . 7 . Flight 6 | . 5 6 Device 5 | . . 8 Storage 12 | . 14 10 Processor 7 | . 11 4 Hackware 10 | . . 16 Energy Gun 1 | . 2 1 Ballistic Gun 15 | . 11 17 Launcher 4 | . 11 . Peak Build Rating 25 | 6 8 25 Average Rating 13 | 4 7 17 On Entrance 4 | . 6 8 Avg Prop Armor Cover (%) . | . . . Naked Turns . | . . . Heaviest Build 35 | 17 30 35 Greatest Support 40 | 40 40 20 Greatest Overweight (x) 10 | 3 7 10 Average Overweight (x) 1 | . 1 1 Largest Inventory Capacity 15 | 8 15 15 Average Capacity 14 | 7 14 14 Most Carried 15 | 5 15 15 Average Carried 11 | 2 11 12 Final Capacity 15 | 8 15 15 Final Carried 15 | 5 9 15 Class Distribution -------------------- 48% | Mutant 44% | Hacker-Mutant 6% | Scavenger-Mutant Dominant Class ---------------- Mutant | -10/Materials Hacker-Mutant | -9/Materials Resources | -11 -10 -9 ----------- Run | Yrd Mat Mat Matter Collected 1459 | 309 299 851 Remotely . | . . . Salvage Created 2796 | 188 606 2002 Parts 181 | 17 39 125 Haulers Intercepted 6 | . 1 5 Recyclers Shooed 7 | . 5 2 Parts Field Recycled . | . . . Retrieved Matter . | . . . Parts Self-Destructed . | . . . Prevented . | . . . Parts Restored . | . . . Kills | -11 -10 -9 ------- Run | Yrd Mat Mat Combat Hostiles Destroyed 51 | . 15 36 Guns 39 | . 4 35 AOE 11 | . 11 . Classes Destroyed 9 | 3 5 1 Worker 6 | 2 1 3 Tunneler 3 | 3 . . Hauler 6 | . 1 5 Recycler 10 | 1 5 4 Operator 2 | . 2 . Watcher 8 | . 3 5 Swarmer 19 | . 8 11 Grunt 23 | . 7 16 Sentry 9 | . . 9 Best Kill Streak 9 | 3 9 6 Combat Bots Only 6 | . 3 6 Max Kills in Single Turn 3 | 1 3 1 Gunslinging . | . . . Exploded 3 | . 3 . Melee . | . . . Uniques/NPCs Destroyed . | . . . Combat | -11 -10 -9 -------- Run | Yrd Mat Mat Hostile Shots Fired 312 | . 62 250 Missed 95 | . 25 70 Hits 217 | . 37 180 Projectile 217 | . 37 180 Critical Strikes 7 | . . 7 Damage Taken 2339 | . 534 1805 Core 555 | . 169 386 Absorbed by Shields 183 | . . 183 Regen/Repaired (Parts) 262 | . 21 241 Core Remaining (%) 66 | 100 32 . Volleys Fired 225 | 13 45 167 Largest 2 | 1 2 2 Hottest 56 | 20 56 56 Shots Fired 318 | 13 72 233 Gun 291 | 13 45 233 Cannon . | . . . Launcher 27 | . 27 . Special . | . . . Kinetic 223 | 13 43 167 Thermal 68 | . 2 66 Explosive 27 | . 27 . Electromagnetic . | . . . Robot Hit Streak 14 | 4 9 14 Robot Miss Streak 6 | 2 6 3 Penetration Max . | . . . Secondary Targets 2 | . . 2 Max Gunslinging Chain 1 | . . 1 Shots Hit Robots 208 | 10 40 158 Core Hits 120 | 6 40 74 Critical Kills 1 | . . 1 Critical Parts Destroyed . | . . . Critical Strikes 7 | . . 7 Burn 6 | . . 6 Destroy 1 | . . 1 Melee Attacks . | . . . Impact . | . . . Slashing . | . . . Piercing . | . . . Sneak Attacks . | . . . Combat Hostiles . | . . . Follow-up Attacks . | . . . Damage Inflicted 4021 | 128 1614 2279 Guns 2688 | 128 291 2269 Cannons . | . . . Explosions 1321 | . 1321 . Melee . | . . . Ramming 12 | . 2 10 Kinetic 2002 | 128 262 1612 Thermal 686 | . 29 657 Explosive 1321 | . 1321 . Electromagnetic . | . . . Impact . | . . . Slashing . | . . . Piercing . | . . . Highest Corruption 1 | . . 1 Average Corruption 1 | . . 1 Corruption Purged . | . . . Corruption Blocked . | . . . Effects 5 | . . 5 Message Errors 1 | . . 1 Heat Flow Errors 1 | . . 1 Energy Discharges 1 | . . 1 Data Loss (minor) 1 | . . 1 Misfires 1 | . . 1 Overload Shots . | . . . Overflow Damage 25 | . 25 . Projectiles . | . . . Explosions 25 | . 25 . Melee . | . . . Knockbacks 2 | . 1 1 Impact 2 | . 1 1 Kinetic . | . . . Secondary . | . . . Self-Inflicted Damage 169 | . 168 1 Shots 8 | . 8 . Rammed 7 | . 6 1 Targets Rammed 12 | . 7 5 Kicked 4 | . . 4 Crushed 1 | . 1 . Highest Temperature 142 | . 20 142 Average Temperature 33 | . 5 36 Received Heat Transfer 803 | . 123 680 Siege Activations . | . . . Martial Activations . | . . . Shielding Activations . | . . . Robots Disrupted . | . . . Combat Hostiles . | . . . Robots Corrupted . | . . . Combat Hostiles . | . . . Parts Fried . | . . . Impact Corruptions . | . . . Robots Melted 1 | . . 1 Combat Hostiles 1 | . . 1 Parts Melted 10 | . . 10 Heat Transferred 2183 | . 74 2109 Parts Sabotaged . | . . . Parts Stolen . | . . . Parts Stripped . | . . . Power Chain Reactions . | . . . Alert | -11 -10 -9 ------- Run | Yrd Mat Mat Maximum Alert Level 1 | . 1 1 Low Security (%) 75 | 100 96 61 Level 1 24 | . 3 38 Level 2 . | . . . Level 3 . | . . . Level 4 . | . . . Level 5 . | . . . High Security . | . . . Max Security . | . . . Peak Influence 378 | 15 208 378 Initial 70 | . . 70 Average 109 | 2 62 144 Influence Increases 1755 | 30 566 1159 Destroy 0b10 Robot/C 1020 | . 300 720 Destroy 0b10 Robot/NC 175 | 30 60 85 Destroy Leader 268 | . 58 210 Successful Hack 73 | . 20 53 Disable Machine 30 | . 15 15 Destroy Structure 114 | . 113 1 Lose Combat Pursuer 75 | . . 75 Influence Decreases 1379 | 30 399 950 Entered New Map 97 | . . 97 Time Decay 1058 | 30 364 664 Lost Part 219 | . 30 189 Purge Threat 5 | . 5 . Squads Dispatched 7 | . 1 6 Investigation 6 | . 1 5 Extermination . | . . . Reinforcement 1 | . . 1 Assault . | . . . Garrison . | . . . Intercept . | . . . Searches Triggered . | . . . Construction Impeded 1 | . . 1 Haulers Reinforced . | . . . Active Scanning Responses . | . . . Cargo Convoy Interrupts . | . . . Stealth | -11 -10 -9 --------- Run | Yrd Mat Mat Distress Signals 3 | . . 3 Communications Jammed . | . . . Distress Signals . | . . . Times Spotted 87 | . 25 62 Peak Tracking Total 7 | . 3 7 Tactical Retreats 4 | . . 4 ECM-based Alert Blocks 3 | . . 3 Traps | -11 -10 -9 ------- Run | Yrd Mat Mat Traps Triggered 4 | . 2 2 Indirectly . | . . . Trap Hack Attempts . | . . . Triggered . | . . . Disarmed . | . . . Reprogrammed . | . . . Reused . | . . . Traps Extracted . | . . . Installed . | . . . Triggered . | . . . Machines | -11 -10 -9 ---------- Run | Yrd Mat Mat Machines Disabled 2 | . 1 1 Max in Single Turn 1 | . 1 1 Machines Repaired . | . . . Machines Dismantled . | . . . Machines Sabotaged . | . . . Overloaded Fab Kills . | . . . Hacking | -11 -10 -9 --------- Run | Yrd Mat Mat Machines Accessed 18 | . 6 12 Terminals 13 | . 4 9 Fabricators . | . . . Repair Stations 2 | . 1 1 Recycling Units 2 | . 1 1 Scanalyzers 1 | . . 1 Garrison Access . | . . . Total Hacks 85 | . 28 57 Successful 47 | . 17 30 Failed 38 | . 11 27 Catastrophic 4 | . . 4 Database Lockouts . | . . . Manual 31 | . 7 24 Terminals 65 | . 19 46 Fabricators . | . . . Repair Stations 5 | . 2 3 Recycling Units 9 | . 7 2 Scanalyzers 6 | . . 6 Garrison Access . | . . . Terminal Hacks 33 | . 12 21 Record 13 | . 2 11 Prototype ID Bank 2 | . 1 1 Branch Access Points 1 | . . 1 Terminal Index 1 | . . 1 Repair Station Index 1 | . 1 . Alert Level 3 | . 3 . Unreport Threat 1 | . 1 . Locate Traps 2 | . 1 1 Dispatch Records 1 | . . 1 Surveillance Status 1 | . . 1 Reinforcement Status 1 | . 1 . Recall Investigation 1 | . . 1 Hauler Manifests 4 | . 1 3 Registered Components 1 | . 1 . Fabricator Hacks . | . . . Repair Station Hacks 4 | . 2 2 Scan Component 2 | . 1 1 Repair 2 | . 1 1 Recycling Unit Hacks 5 | . 3 2 Report Inventory 2 | . 1 1 Retrieve Matter 1 | . 1 . Retrieve Components 2 | . 1 1 Scanalyzer 5 | . . 5 Insert Component 1 | . . 1 Analyze 1 | . . 1 Retrieve Study 3 | . . 3 Garrison Access Hacks . | . . . Unauthorized Hacks . | . . . Terminals . | . . . Fabricators . | . . . Repair Stations . | . . . Recycling Units . | . . . Scanalyzers . | . . . Garrison Access . | . . . Data Cores Recovered 2 | . 2 . Used . | . . . Hacking Detections 15 | . 6 9 Full Trace Events 9 | . 4 5 Feedback Events 1 | . . 1 Corruption 1 | . . 1 Feedback Blocked . | . . . Robot Schematics Acquired . | . . . Robots Built . | . . . Authchips . | . . . Time . | . . . Total Robot Build Rating . | . . . Part Schematics Acquired 1 | . . 1 Parts Built . | . . . Authchips . | . . . Time . | . . . Total Part Build Rating . | . . . Part Studies Acquired 2 | . . 2 Parts Repaired 2 | . 1 1 Time 52 | . 26 26 Parts Recycled . | . . . Recycled Matter . | . . . Retrieved Matter 41 | . 41 . Retrieved Components 19 | . 9 10 Parts Scanalyzed 1 | . . 1 Part Schematics Acquired 1 | . . 1 Parts Damaged . | . . . Bothacking | -11 -10 -9 ------------ Run | Yrd Mat Mat Used RIF Installer . | . . . Robots Hacked . | . . . Non-combat . | . . . Combat . | . . . Robot Hacks Applied . | . . . Relay Couplers Released . | . . . Fabnet Peak Effective % . | . . . Robots Rewired . | . . . Allies Hacked . | . . . Hacks Repelled . | . . . Allies | -11 -10 -9 -------- Run | Yrd Mat Mat Total Allies . | . . . Largest Group . | . . . Highest-Rated Group . | . . . Highest-Rated Ally . | . . . Total Orders . | . . . Ally Attacks . | . . . Total Damage . | . . . Kills . | . . . Allies Corrupted . | . . . Allies Melted . | . . . Intel | -11 -10 -9 ------- Run | Yrd Mat Mat Active Infowar (turns) 1947 | . . 1947 T.N.C. 409 | . . 409 ECM 1538 | . . 1538 Robot Analysis Total . | . . . Derelict Logs Recovered . | . . . Drone Launches . | . . . Drone Recoveries . | . . . Exploration | -11 -10 -9 ------------- Run | Yrd Mat Mat Turns Passed 4495 | 134 1667 2694 Spaces Moved 1810 | 67 787 956 Core 38 | 21 3 14 Treads 486 | 46 440 . Legs 689 | . . 689 Wheels . | . . . Hover 254 | . 221 33 Flight 343 | . 123 220 Fastest Speed 50 | 50 160 105 Average Speed 199 | 130 184 217 Slowest Speed 600 | 200 520 600 Overloaded Moves . | . . . Propulsion Burnouts . | . . . Robots Hopped . | . . . Potential Cave-ins . | . . . Cave-ins Triggered . | . . . Exploration Rate (%) 56 | 4 92 74 Regions Visited 2 Branch Regions . Pre-discovered Areas . | . . . Known Exits Taken . | . . . Unknown Exits Taken 2 | 1 1 . Scrap Searched . | . . . Spaces Dug . | . . . Terrain Destroyed 122 | . 122 . Melee . | . . . Projectile . | . . . AOE 122 | . 122 . Terrain Rammed . | . . . Walls Destroyed . | . . . Machines Disabled . | . . . Actions | -11 -10 -9 --------- Run | Yrd Mat Mat Total 2372 | 100 926 1346 Wait 137 | 2 31 104 Move 1808 | 66 786 956 Hop . | . . . Pick Up 86 | 10 22 54 Fast Attach 17 | 2 7 8 Attach 39 | 5 8 26 Detach 8 | 1 3 4 Swap 6 | . . 6 Drop 34 | 1 17 16 Fire 225 | 13 45 167 Melee . | . . . Ram 7 | . 6 1 Kick 4 | . . 4 Crush 1 | . 1 . Escape Stasis . | . . . Rewire . | . . . Trap . | . . . Miscellaneous . | . . . Route ------- -11/Scrapyard -10/Materials (discovered 4 exits: *Mat x3 / [*Min]) -9/Materials (discovered 4 exits: [*Mat] / *Min x2 / *Sto) History --------- Turn | Location | Event 6 | -11/Scrapyard | Discovered new exit (range 14) 135 | -11/Scrapyard | Entered Materials 316 | -10/Materials | Build established: Mutant 501 | -10/Materials | Discovered new exit (range 14) 734 | -10/Materials | Discovered new exit (range 15) 885 | -10/Materials | Discovered new exit (range 16) 994 | -10/Materials | Repaired Hover Unit 1464 | -10/Materials | Discovered new exit (range 15) 1521 | -10/Materials | Core integrity fell below 50% 1802 | -10/Materials | Entered another Materials area 1802 | -9/Materials | Evolved 2 slots: Utility x2 1913 | -9/Materials | Discovered new exit (range 7) 2099 | -9/Materials | Lost 5 parts (1p1n1u2w) 2251 | -9/Materials | Lost 6 parts (2p2n1u1w) 2255 | -9/Materials | Core integrity fell below 50% 2634 | -9/Materials | Discovered new exit (range 8) 2776 | -9/Materials | Build established: Hacker-Mutant 3054 | -9/Materials | Lost 3 parts (1n2w) 3200 | -9/Materials | Core integrity fell below 20% 3224 | -9/Materials | Lost 4 parts (1p2n1w) 3531 | -9/Materials | Discovered new exit (range 15) 3743 | -9/Materials | Identified exit to Mines 3743 | -9/Materials | Identified exit to Storage 3781 | -9/Materials | Repaired Lrg. Storage Unit 4496 | -9/Materials | Self-destructed Last Messages --------------- 04439_ K-01 Serf collects debris. 04449_ K-01 Serf cleans the Processing Tank. 04455_ Y-45 Defender destroyed. 04456_ K-01 Serf collects debris. 04459_ K-01 Serf cleans the Processing Tank. 04459_ K-01 Serf collects debris. 04460_ Acquired 6 matter. 04462_ K-01 Serf collects debris. 04463_ Acquired 6 matter. 04463_ Critical hit (Burn: +37). 04463_ K-01 Serf collects debris. 04465_ Y-45 Defender destroyed. 04465_ K-01 Serf cleans the Processing Tank. 04466_ Acquired 6 matter. 04466_ K-01 Serf collects debris. 04480_ A-02 Transporter destroyed. 04488_ Dropped Faulty Imp. Flight Unit. 04488_ Acquired Imp. Flight Unit. 04489_ Acquired 12 matter. 04495_ T-07 Excavator is excavating. Map ----- +----------------------------------------------------+ | # #????????###%%%###?# """ #?????????????# | | #+########## #?# #?????????????#! | | # [%# #?# """ #?????????????# | | # """ """ # ### """ #?????????????# | | # """ """%+ T + """ #?????????????#! | | # """ """ # ### #?????????????### | | # *# % ![! #?#####+####???????????????? | | # # =%%%* #???# #????????????????? | | #+####+###########+######## ???????????? | | # #??# #????# *** ## #??????? | | # #??# ###### * !=[" ## #??##### | | # #??# # # """ """%=T ## ##### #??# | | # #??# # # """ """! " ### ##?????#####??#"""" | | # #??# # # """ """ #?# #?????????????#"""" | | # #??# # # """ """ #?# #?????????????#"""" | | # #### # = # """ """ #?# #?????????????#"""" | | # / # #?# #?????????????#"""" | | # # # [= ### #?????????????#"""" | | # # =%[! ## #?????????????#"""" | | #= ##########+##### #?????????????# | | ######????????#%#???? #?????????????# | | #####?????????#a#???# ##????????????# | | ]]#????#t ??# #### #????? ?????##### | | #?????# # == * t# ????????? | | #??????# ]%]= + """???????????? | | #??????## # =@! # """???????##### | | #### #???????### ## #????????????# | | [ = #??# **#?????????# #?# ##????????????# | | #=###??#####?????????# #?? #?????????????# """ | | # #??????????????????# #??? #?????????????# """ | | #*###????????????????# #??? #?????????????# """ | | * #???????????????? ???? #?????????????# | | #####???????????# ?????#?????????????# """ | | T #???????????# ???????????????????# """ | | ### #???????????# #??????????????????# """ | | #?# #???????????# #??????????????????# | | # ###?# #???????????### ###??????????????????# ! | | #+##??# #?????????????# ?????????????????????##### | | #### #?????????????? ?????????????????????????? | | + #????????????????????????????????????##### | | # #????????????????????????????????????# | | # #????????????????????????????????????# """ | | # ##+#####????????????????????????????????# """ | | # # #????????????????????????????????# """ | | # # #????????????????????????????????# | | # # #????????????????????????????????# """ | | # # #????????????????????????????????# """ | | #### # #????????????????????????????????# """ | | # #????????????????????????????????# !* | | + #????????????????????????????????##### | +----------------------------------------------------+ Best States ------------- Heat Dissipation 42 Energy Generation 14 Energy Capacity 250 Matter Stores 300 Matter Capacity 300 Sight Range 16 Terrain Scan Density 10 ECM Strength 1 Evasion (%) 50 Targeting Accuracy 5 Recoil Reduction 2 Defensive Hacking 20 Item Schematics ----------------- Imp. EM Shotgun | -9/Materials | Scanalyzed Robot Schematics ------------------ None Fabricated ------------ Nothing Repaired ---------- Hover Unit | 30% | -10/Materials Lrg. Storage Unit | 31% | -9/Materials Studied --------- Aluminum Leg | -9/Materials | Hacked Hvy. Assault Rifle | -9/Materials | Hacked Alien Tech Used ----------------- None Achievements -------------- DATA ERROR: Steam Global Achievement% For Emergencies Only Item+ Organ Harvest There's More Where That Came From Challenges ------------ None Game ------ Seed RecyclingBoltLaser Manual? 0 Play Time 01:08:04 Cumulative 18.4 hours Start 2025.12.19 @ 15:15:10 End 2025.12.21 @ 00:50:26 Sessions 4 Manual Loads 0 Difficulty Rogue Special Mode None Game No. 28 Rogue 28 Adventurer 0 Explorer 0 Win Type - Total 0 Types 0/0/0/0/0/0/0/0/0/0 Lore% 7 Gallery% 10 Achievement% 10 Wizard Run 0 Options --------- Layout 0 ASCII 0 Keyboard 1 Movement Numpad Keybinds 0 Fullscreen 2 Font 18/SmallcapsGlow Map View 76x50 Zoom Use 0% Tactical HUD 1 Map Filters NONE Filters NONE Steam 1 RUN: 25dc6280-0177-461f-9db6-e424d8e3ad50